 Dungeon Crawl Stone Soup version 0.28.0 (webtiles) character file.

Game seed: 17531434096007605235

12155 browni3141 the Peltast (level 11, -4/95 HPs)
             Began as a Minotaur Berserker on Feb 10, 2022.
             Was an Elder of Trog.
             Slain by a death knight (7 damage)
             ... on level 11 of the Dungeon.
             The game lasted 00:09:11 (13177 turns).

browni3141 the Peltast (Minotaur Berserker)        Turns: 13177, Time: 00:09:12

Health: -4/95      AC: 17    Str: 25    XL:     11   Next: 58%
Magic:  10/10      EV: 11    Int:  4    God:    Trog [****..]
Gold:   1451       SH:  0    Dex: 17    Spells: 10/10 levels left

rFire   + . .      SeeInvis .   R - +1 broad axe
rCold   + . .      Faith    .   (no shield)
rNeg    + . .      Spirit   .   o - +0 plate armour
rPois   .          Reflect  .   (helmet restricted)
rElec   .          Harm     .   j - scarf {rC+ rF+}
rCorr   .          Rampage  .   r - +0 pair of gloves
Will    .....                   I - +1 pair of boots {Fly}
Stlth   ..........              (no amulet)
HPRegen 0.25/turn               y - +6 ring of dexterity
MPRegen 0.12/turn               B - ring of positive energy

@: on berserk cooldown, flying, slowed, very slow
A: horns 2, retaliatory headbutt
a: Renounce Religion, Berserk, Trog's Hand, Brothers in Arms


You were on level 11 of the Dungeon.
You worshipped Trog.
Trog was greatly pleased with you.
You visited 1 branch of the dungeon, and saw 11 of its levels.
You also visited: Bailey.

You collected 1451 gold pieces.

Inventory:

Hand Weapons
 a - a +0 hand axe
 H - the +4 hand axe of Bodily Harmony {flame, rC- Will+ SInv}
   (You found it on level 8 of the Dungeon)

   It burns those it strikes, dealing additional fire damage.
   Big, fiery blades are also staple armaments of hydra-hunters.
   rC:        It makes you vulnerable to cold.
   SInv:      It lets you see invisible.
   Will:      It increases your willpower.
 K - a +2 war axe
 R - a +1 broad axe (weapon)
Missiles
 S - 4 curare-tipped darts (quivered)
Armour
 b - a +0 animal skin
 i - a +0 scale mail
 j - a scarf of resistance (worn)
 o - a +0 plate armour (worn)
 r - a +0 pair of gloves (worn)
 F - a +0 tower shield
 I - a +1 pair of boots of flying (worn)
Jewellery
 n - an amulet of magic regeneration
 y - a +6 ring of dexterity (left hand)
 B - a ring of positive energy (right hand)
 J - a ring of fire
 L - a ring of ice
 T - a ring of protection from fire
 U - a ring of resist corrosion
Wands
 w - a wand of paralysis (12)
 A - a wand of polymorph (17)
 M - a wand of iceblast (4)
 N - a wand of flame (24)
Scrolls
 c - 5 scrolls of teleportation {unknown}
 d - 6 scrolls of noise {unknown}
 e - a scroll of fear {unknown}
 g - 5 scrolls of enchant weapon {unknown}
 h - a scroll of blinking {unknown}
 l - a scroll of holy word {unknown}
 p - 2 scrolls of immolation {unknown}
 q - 3 scrolls of magic mapping {unknown}
 s - 12 scrolls of identify {unknown}
 x - 4 scrolls of fog {unknown}
 C - 3 scrolls of summoning {unknown}
 D - 3 scrolls of vulnerability {unknown}
 E - a scroll of brand weapon {unknown}
 P - a scroll of torment {unknown}
Potions
 f - 6 potions of heal wounds {unknown}
 k - a potion of ambrosia {unknown}
 m - 2 potions of berserk rage {unknown}
 t - a potion of mutation {unknown}
 u - a potion of haste {unknown}
 v - 5 potions of lignification {unknown}
 z - 4 potions of curing {unknown}
 G - 5 potions of flight
 O - a potion of experience {unknown}
 Q - a potion of might {unknown}


   Skills:
 - Level 8.8 Fighting
 - Level 8.8 Axes
 - Level 8.3 Armour
 - Level 7.6 Dodging
 * Level 15.3 Shields


You had 10 spell levels left.
You didn't know any spells.
Your spell library was empty.

Dungeon Overview and Level Annotations

Branches:
Dungeon (11/15)            Temple (0/1) D:6          Bailey (visited)
   Lair: D:8-11         Orc: D:9-12

Altars:
Okawaru
Ru

Shops:
D:2 (   D:3 (

Annotations:
D:9 2 transporters, sasquatch's ghost, journeyman DgTm
D:10 exclusion: obsidian statue


Innate Abilities, Weirdness & Mutations

You have a pair of horns on your head.
You reflexively headbutt those who attack you in melee.


Message History

You barely miss the freezing wraith.
The freezing wraith is almost destroyed.
You hit the skeletal warrior.
The death knight hits you from afar with a +0 halberd!
* * * LOW HITPOINT WARNING * * *
The freezing wraith closely misses you. You furiously retaliate!
You headbutt the freezing wraith!
You destroy the freezing wraith!
Trog accepts your kill.
You can now call in reinforcements.
The skeletal warrior hits you but does no damage.
Unknown command.
You hit the skeletal warrior.
The skeletal warrior is moderately damaged.
The death knight hits you from afar with a +0 halberd!
* * * LOW HITPOINT WARNING * * *
The skeletal warrior misses you. You furiously retaliate!
You headbutt the skeletal warrior, but do no damage.
The death knight mumbles some strange prayers to Yredelemnul against you.
You struggle to resist.
Unknown command.
You feel a strong urge to attack something.
The death knight's dark mirror aura disappears.
You feel yourself speed up.
You are no longer berserk.
You are exhausted.
You feel yourself slow down.
The skeletal warrior hits you with a +0 long sword!
* * * LOW HITPOINT WARNING * * *
The death knight hits you from afar with a +0 halberd.
* * * LOW HITPOINT WARNING * * *
Unknown command.
Okay, then.
Okay, then.
You fail to use your ability.
The skeletal warrior barely misses you.
The death knight hits you but does no damage.
The skeletal warrior hits you with a +0 long sword.
* * * LOW HITPOINT WARNING * * *
Unknown command.
You fail to use your ability.
The death knight hits you from afar with a +0 halberd!
You die...

#..........#
#..........#
#..........#
#......# #...##.#
#......# #...p..#
#...z..# #...@..#
#############......#
............#......#
............#....>.#
..(.........#......#
............#......#
............#......#
[...........#......#
............#......#


You could see a death knight and a skeletal warrior.

Vanquished Creatures
  A boulder beetle (D:11)
  A death knight (D:10)
  3 two-headed ogres
  Sonja (D:10)
  An orc knight (Bailey)
  A centaur zombie (D:11)
  Maurice (D:8)
  Joseph (D:8)
  3 freezing wraiths
  A hornet (D:7)
  A wyvern (D:9)
  3 wraiths
  3 yaks (D:11)
  4 steam dragons
  A basilisk (D:10)
  An acid dragon (D:9)
  2 water moccasins
  7 orc warriors
  A sky beast (D:8)
  An ice beast (D:7)
  4 ogres
  2 phantoms
  6 centaurs
  A kobold brigand (D:4)
  2 bullfrogs (D:8)
  A wyvern zombie (D:6)
  A gnoll sergeant (D:8)
  A scorpion (D:4)
  A water moccasin skeleton (D:7)
  5 killer bees (D:9)
  10 wights
  2 jellies
  2 howler monkeys (D:11)
  4 hounds
  A bullfrog skeleton (D:5)
  6 orc priests
  A centaur skeleton (D:6)
  2 gnoll shamans
  A scorpion zombie (D:5)
  5 iguanas
  Natasha (thrice) (D:4)
  9 orc wizards
  A killer bee zombie (D:7)
  A hound zombie (D:5)
  A hound skeleton (D:4)
  2 howler monkey zombies
  Robin (D:2)
  16 adders
  13 gnolls
  2 shadow imps
  An ufetubus (D:6)
  5 worms
  2 dart slugs
  26 orcs
  6 endoplasms
  22 goblins
  9 hobgoblins
  6 jackals (D:2)
  22 kobolds
  3 quokkas
  10 ball pythons
  7 bats
  A frilled lizard (D:1)
  5 rats
270 creatures vanquished.

Vanquished Creatures (others)
  2 orc wizards (D:7)
  An adder (D:6)
  An orc (D:7)
4 creatures vanquished.

Grand Total: 274 creatures vanquished

Notes
Turn   | Place    | Note
-------+----------+-------------------------------------------
     0 | D:1      | browni3141 the Minotaur Berserker began the quest for the
                  | Orb.
     0 | D:1      | Reached XP level 1. HP: 19/19 MP: 0/0
   177 | D:1      | Reached XP level 2. HP: 27/27 MP: 1/1
   685 | D:1      | Found a faded altar of an unknown god.
   886 | D:2      | Reached XP level 3. HP: 26/33 MP: 2/2
   893 | D:2      | Reached ** piety under Trog
   899 | D:1      | HP: 1/33 [poisoned by an adder]
  1898 | D:2      | Reached XP level 4. HP: 40/40 MP: 3/3
  1934 | D:2      | Noticed Robin
  1947 | D:2      | Killed Robin
  2428 | D:2      | Found Metwung's Antique Weapon Shoppe.
  2676 | D:3      | Reached XP level 5. HP: 47/47 MP: 4/4
  2895 | D:3      | Reached skill level 5 in Fighting
  2895 | D:3      | Reached skill level 5 in Axes
  2960 | D:3      | Found Ycliom's Weapon Shop.
  3030 | D:3      | Reached XP level 6. HP: 56/56 MP: 5/5
  3290 | D:4      | Reached *** piety under Trog
  3336 | D:4      | You fall into a shaft and drop 2 floors!
  3394 | D:5      | Entered Level 5 of the Dungeon
  3707 | D:5      | Reached skill level 5 in Armour
  3761 | D:5      | Reached XP level 7. HP: 62/62 MP: 6/6
  3924 | D:4      | Noticed Natasha
  3928 | D:4      | Killed Natasha
  4197 | D:4      | Reached skill level 5 in Dodging
  4660 | D:4      | Noticed Natasha
  4666 | D:4      | Killed Natasha
  4689 | D:4      | Noticed Natasha
  4704 | D:4      | Killed Natasha
  5077 | D:5      | Reached XP level 8. HP: 71/71 MP: 7/7
  6211 | D:6      | Found a staircase to the Ecumenical Temple.
  6604 | D:6      | Found a sacrificial altar of Ru.
  6878 | D:7      | Reached XP level 9. HP: 62/81 MP: 8/8
  7383 | D:7      | Reached **** piety under Trog
  7452 | D:7      | Paralysed by a hornet for 1 turns
  7456 | D:7      | Paralysed by a hornet for 3 turns
  8352 | D:8      | Found a flagged portal.
  8364 | D:8      | Identified the +4 hand axe of Bodily Harmony {flame, rC-
                  | Will+ SInv}
  8373 | D:8      | Reached skill level 1 in Shields
  8377 | Bailey   | Entered a bailey
  8403 | Bailey   | Noticed an orc knight
  8431 | Bailey   | Reached skill level 2 in Shields
  8523 | Bailey   | Killed an orc knight
  8524 | Bailey   | Reached skill level 5 in Shields
  8664 | Bailey   | Reached skill level 6 in Shields
  8675 | Bailey   | Reached XP level 10. HP: 68/90 MP: 9/9
  9118 | D:8      | Reached skill level 7 in Shields
  9308 | D:8      | Noticed Maurice
  9315 | D:8      | Killed Maurice
  9316 | D:8      | Reached skill level 8 in Shields
  9393 | D:8      | Noticed Joseph
  9404 | D:8      | Killed Joseph
  9405 | D:8      | Reached skill level 9 in Shields
  9821 | D:9      | Noticed a two-headed ogre
  9828 | D:9      | Killed a two-headed ogre
  9829 | D:9      | Reached skill level 10 in Shields
  9829 | D:9      | Found a transporter.
 10044 | D:9      | Found a transporter.
 10059 | D:9      | Noticed a boulder beetle
 10070 | D:9      | Noticed a six-headed hydra
 10072 | D:9      | Noticed sasquatch's ghost (journeyman DgTm)
 10140 | D:9      | Reached skill level 11 in Shields
 10597 | D:9      | Noticed a two-headed ogre
 10805 | D:10     | Entered Level 10 of the Dungeon
 10810 | D:10     | Noticed an obsidian statue
 11022 | D:10     | Reached skill level 12 in Shields
 11072 | D:10     | Noticed a two-headed ogre
 11072 | D:10     | Noticed a death knight
 11095 | D:10     | Killed a two-headed ogre
 11100 | D:10     | Reached XP level 11. HP: 95/95 MP: 10/10
 11531 | D:10     | Identified the +0 leather armour of Decompression {rN+
                  | Str+2}
 11568 | D:10     | Noticed Sonja
 11571 | D:10     | Killed Sonja
 11572 | D:10     | Reached skill level 13 in Shields
 11773 | D:10     | Killed a death knight
 12312 | D:11     | Noticed a two-headed ogre
 12317 | D:11     | Killed a two-headed ogre
 12318 | D:11     | Reached skill level 14 in Shields
 12364 | D:11     | Noticed a boulder beetle
 12385 | D:11     | Killed a boulder beetle
 12692 | D:11     | Found an iron altar of Okawaru.
 13003 | D:11     | Reached skill level 15 in Shields
 13161 | D:11     | Noticed a death knight
 13161 | D:11     | Noticed a skeletal warrior
 13174 | D:11     | HP: 4/95 [skeletal warrior[a death knight] (17)]
 13177 | D:11     | Slain by a death knight

Illustrated notes

Levels and vault maps discovered:
D:1:      minmay_arrival_stone_box, layout_loops_cross,
          shapermc_ecumenical_altar_totnotflames, minmay_octomino_j4
D:2:      layout_rooms, serial_shops, nicolae_square_shop,
          roderic_serpentine_path, uniq_robin
D:3:      layout_basic, serial_shops,
          nicolae_shop_temple_entry_statues_fountains
D:4:      layout_basic, chequers_ossuary_entry_cave, kennysheep_cross_room,
          st_stairs_14, uniq_natasha
D:5:      layout_loops_corners
D:6:      layout_gridville, lemuel_tele_altar, minmay_temple_entry_from_below_a,
          grunt_ministairs_15
D:7:      layout_cave_pools
D:8:      layout_basic, enter_bailey_2, uniq_joseph, uniq_maurice
D:9:      layout_roguey, nzn_ghost_randoct
D:10:     layout_roguey, minivault_16, uniq_sonja
D:11:     layout_stronghold, erik_lair_dragon, kennysheep_okawaru_gauntlet

Skill      XL: |  1  2  3  4  5  6  7  8  9 10 11 |
---------------+----------------------------------+-----
Fighting       | 4 5 6 8 |  8.8
Axes           | 4 5 6 8 |  8.8
Armour         | 3 4 5 6 7 8 |  8.3
Dodging        | 3 4 5 6 7 |  7.6
Shields        | 6 12 15 | 15.3

Action                   |  1- 3 |  4- 6 |  7- 9 | 10-12 || total
-------------------------+-------+-------+-------+-------++-------
Melee: Hand axe          |    61 |   147 |   334 |    25 ||   567
       Headbutt          |     4 |    20 |    69 |    44 ||   137
       Punch             |       |     1 |     6 |     1 ||     8
       War axe           |       |       |       |   122 ||   122
       Broad axe         |       |       |       |    57 ||    57
Throw: Dart              |       |       |       |     2 ||     2
Invok: Berserk           |     1 |     3 |    15 |    13 ||    32
Evoke: Wand              |       |       |       |     3 ||     3
 Stab: Sleeping          |     2 |       |       |       ||     2
Armor: Animal skin       |    26 |       |       |       ||    26
       Scale mail        |       |    13 |       |       ||    13
       Plate armour      |       |    75 |   206 |   145 ||   426
       Skin              |       |       |    11 |       ||    11
Dodge: Dodged            |    51 |    50 |   171 |   106 ||   378
